Map: Deathaura LE

Players

RiSky

  • Race: Zerg Zerg
  • Spawn Location: 5:00

Probe - Winner!

  • Race: Protoss Protoss
  • League: Master
  • Spawn Location: 11:00

VOD

Have the link to the VOD?

Description

Time

  • Played on: Aug. 28, 2020, 6:57 a.m.
  • Length: 10:19
Show
View Real Time Build Order
Export as new Build Order

RiSky Zerg 

Build Orders: Hatch First 

Get SALT Encoding   

  12  0:00  Drone  
  13  0:12  Overlord  
  13  0:16  Drone  
  14  0:30  Drone x2  
  16  0:48  Hatchery  
  15  0:51  Drone  
  15  0:55  Drone  
  17  0:58  Drone  
  18  1:10  Extractor  
  17  1:14  Spawning Pool  
  17  1:17  Drone  
  17  1:21  Drone  
  18  1:28  Drone  
  19  1:44  Overlord  
  19  1:49  Drone  
  20  2:00  Queen x2  
  24  2:02  Zergling x4  
  26  2:11  Drone x2  
  26  2:13  Metabolic Boost  
  28  2:21  Drone  
  28  2:22  Drone  
  30  2:32  Drone  
  30  2:33  Drone  
  32  2:42  Hatchery  
  31  2:48  Queen  
  33  2:53  Overlord  
  33  2:56  Drone  
  33  2:57  Zergling x2  
  35  3:03  Drone  
  35  3:14  Drone  
  35  3:15  Drone x2  
  35  3:16  Drone x2  
  40  3:20  Overlord  
  40  3:22  Drone  
  40  3:23  Queen  
  40  3:26  Drone  
  44  3:32  Spore Crawler  
  44  3:33  Drone  
  44  3:42  Drone  
  44  3:43  Spore Crawler  
  44  3:45  Overlord  
  44  3:46  Drone  
  45  3:49  Drone x2  
  45  3:50  Drone  
  45  3:54  Zergling x2  
  45  3:55  Drone x3  
  52  4:00  Queen  
  54  4:04  Drone x2  
  54  4:05  Spore Crawler  
  54  4:06  Overlord  
  55  4:11  Drone  
  55  4:15  Drone  
  57  4:19  Drone  
  57  4:21  Drone x2  
  60  4:24  Overlord  
  60  4:27  Zergling x2  
  60  4:28  Zergling x4  
  62  4:31  Overlord  
  62  4:33  Drone x2  
  62  4:34  Spore Crawler  
  62  4:36  Drone  
  64  4:38  Roach Warren  
  64  4:39  Drone  
  65  4:45  Drone  
  65  4:46  Drone x2  
  65  4:47  Drone x2  
  64  4:53  Drone  
  64  4:55  Drone  
  64  4:56  Drone x2  
  64  4:58  Drone x2  
  70  5:00  Extractor  
  70  5:02  Evolution Chamber, Extractor  
  70  5:05  Overlord  
  67  5:08  Drone x3  
  67  5:13  Drone x2  
  67  5:14  Drone, Extractor  
  71  5:15  Extractor  
  71  5:19  Drone  
  71  5:21  Overlord  
  72  5:23  Lair  
  72  5:24  Drone x3  
  72  5:25  Extractor  
  72  5:28  Drone  
  75  5:30  Drone  
  75  5:33  Drone  
  77  5:39  Overlord  
  77  5:40  Drone  
  78  5:43  Zerg Melee Weapons Level 1  
  78  5:49  Drone x6  
  84  5:51  Overlord  
  84  5:56  Baneling Nest  
  83  5:58  Hatchery  
  83  5:59  Roach x4  
  83  6:03  Roach x2  
  92  6:17  Drone  
  92  6:18  Drone x2  
  93  6:22  Queen  
  93  6:25  Glial Reconstitution  
  95  6:28  Drone  
  95  6:30  Overlord x2  
  95  6:31  Drone x2  
  98  6:35  Drone  
  98  6:38  Drone  
  100  6:40  Overlord  
  100  6:41  Overlord x2  
  100  6:42  Overseer  
  100  6:43  Centrifical Hooks  
  100  6:46  Overseer  
  100  6:47  Overlord  
  100  6:53  Zergling x4  
  100  6:54  Zergling x18  
  111  7:01  Overlord  
  111  7:02  Spore Crawler  
  109  7:11  Drone x3  
  112  7:17  Drone  
  112  7:18  Roach x3  
  112  7:19  Roach  
  121  7:24  Roach x8  
  135  7:30  Extractor  
  135  7:31  Spire, Drone x2, Extractor  
  135  7:34  Ravager x6  
  135  7:36  Overlord  
  144  7:37  Roach x2  
  144  7:44  Roach x4  
  143  7:55  Roach x7  
  130  8:06  Roach x4  
  130  8:09  Roach x2  
  130  8:11  Roach  
  132  8:14  Roach  
  132  8:15  Ravager  
  132  8:17  Roach x2  
  115  8:22  Roach x2  
  112  8:27  Roach x2  
  101  8:40  Overlord  
  96  8:44  Roach  
  96  8:45  Overlord x2  
  98  9:01  Queen  
  100  9:03  Overlord x2  
  100  9:11  Roach x7  
  114  9:18  Roach x4  
  122  9:25  Roach x5  
  122  9:29  Ravager x5  
  122  9:30  Ravager  
  138  9:34  Overlord x2  
  138  9:43  Overlord  
  138  9:47  Overlord  
  138  9:52  Overlord  
  134  9:56  Overlord  
  134  9:59  Overlord  
Show
View Real Time Build Order
Export as new Build Order

Probe Protoss - Winner!

Build Orders: 1 Gate Expand, Oracle Opening, Zealot Archon, Archon Drop 

Get SALT Encoding   

  12  0:00  Probe  
  13  0:12  Probe  
  14  0:19  Pylon  
  14  0:24  Probe  
  15  0:37  Probe (Chrono Boost)  
  16  0:43  Gateway  
  16  0:46  Probe (Chrono Boost)  
  17  0:51  Assimilator  
  17  0:53  Probe  
  18  1:05  Probe  
  19  1:17  Probe  
  20  1:27  Nexus  
  20  1:37  Cybernetics Core  
  20  1:39  Probe  
  21  1:46  Assimilator  
  21  1:51  Probe  
  22  1:56  Pylon  
  22  2:03  Probe  
  23  2:11  Adept (Chrono Boost)  
  23  2:15  Probe (Chrono Boost)  
  26  2:24  Probe (Chrono Boost)  
  26  2:25  Stargate  
  26  2:29  Probe (Chrono Boost)  
  27  2:35  Adept (Chrono Boost)  
  30  2:39  Probe  
  30  2:41  Probe  
  32  2:45  Warp Gate  
  32  2:52  Probe  
  32  2:54  Probe  
  32  2:58  Stalker  
  34  3:04  Probe  
  37  3:06  Probe  
  38  3:15  Oracle (Chrono Boost)  
  38  3:16  Probe  
  38  3:18  Probe  
  43  3:21  Pylon  
  43  3:28  Probe  
  43  3:29  Pylon  
  43  3:30  Probe  
  45  3:40  Probe  
  46  3:42  Probe  
  46  3:43  Oracle (Chrono Boost)  
  46  3:44  Assimilator  
  46  3:47  Assimilator  
  46  3:48  Pylon  
  50  3:52  Probe  
  50  3:54  Probe  
  52  3:57  Pylon  
  52  4:04  Probe, Twilight Council  
  52  4:06  Probe  
  54  4:16  Probe  
  55  4:17  Phoenix  
  55  4:18  Probe  
  55  4:21  Pylon  
  58  4:28  Probe  
  58  4:30  Probe  
  58  4:31  Nexus  
  60  4:40  Probe  
  60  4:42  Gateway, Probe  
  62  4:46  Dark Shrine  
  62  4:53  Probe  
  62  4:55  Probe  
  64  5:00  Robotics Facility  
  64  5:03  Sentry  
  64  5:04  Forge  
  64  5:05  Probe  
  64  5:07  Probe  
  68  5:10  Shield Battery  
  68  5:24  Gateway  
  68  5:26  Gateway  
  68  5:28  Gateway  
  68  5:29  Sentry  
  68  5:30  Gateway  
  68  5:34  Gateway  
  70  5:36  Gateway  
  70  5:39  Pylon  
  70  5:40  Probe x2, Protoss Ground Weapons Level 1 (Chrono Boost)  
  72  5:47  Probe  
  72  5:48  Charge (Chrono Boost)  
  73  5:50  Warp Prism (Chrono Boost)  
  73  5:55  Probe  
  73  5:56  Probe  
  77  6:03  Probe  
  78  6:07  Probe  
  78  6:08  Probe  
  80  6:15  Probe  
  81  6:19  Probe  
  81  6:20  Dark Templar x4  
  81  6:21  Probe  
  81  6:25  Warp Prism  
  93  6:26  Archon x2  
  93  6:28  Probe  
  93  6:30  Pylon  
  94  6:33  Photon Cannon  
  94  6:43  Adept  
  94  6:44  Probe  
  97  6:47  Pylon  
  97  6:48  Pylon  
  97  6:50  Dark Templar x2  
  97  6:51  Dark Templar  
  97  6:52  Dark Templar  
  97  6:53  Zealot  
  107  6:57  Zealot, Archon x2  
  107  6:58  Zealot  
  111  7:11  Zealot  
  111  7:13  Assimilator, Probe  
  111  7:14  Probe, Assimilator  
  115  7:18  Zealot  
  115  7:19  Zealot x2  
  115  7:20  Pylon  
  121  7:22  Pylon x2  
  119  7:37  Zealot x5  
  119  7:39  Zealot x3  
  135  7:46  Probe  
  136  7:52  Probe  
  136  7:57  Zealot  
  136  7:58  Zealot x4  
  147  7:59  Immortal  
  147  8:00  Probe x2  
  147  8:04  Zealot x2  
  151  8:14  Zealot  
  137  8:20  Templar Archives  
  137  8:25  Zealot x7  
  133  8:36  Immortal (Chrono Boost)  
  129  8:48  Dark Templar x4  
  133  8:52  Archon x2  
  133  8:53  Zealot  
  133  8:54  Nexus, Zealot  
  139  8:56  Pylon  
  139  9:02  High Templar x2  
  143  9:03  Shield Battery  
  143  9:04  Shield Battery  
  143  9:07  Archon  
  143  9:14  Immortal  
  147  9:17  High Templar x2  
  147  9:21  High Templar x2  
  147  9:22  Zealot x2  
  159  9:29  Photon Cannon  
  159  9:30  Photon Cannon  
  159  9:31  Archon x2  
  159  9:32  Pylon  
  159  9:42  High Templar x2  
  163  9:47  Archon  
  163  9:58  Zealot x3  
  163  9:59  Zealot x3  
  169  10:05  Probe  
Tags
 
Add a new tag
Caveats
  • Supply blocks, unpowered buildings, or Contaminate may cause inaccurate times.
  • Supply counts are checked every 10 seconds.